 Dungeon Crawl Stone Soup version 0.28-a0-1594-ga885d4b3d6 (webtiles) character file.

Game seed: 7609253989942345812

72 belegose the Skirmisher (level 4, -3/29 HPs)
             Began as a Kobold Abyssal Knight on Jan 20, 2022.
             Was a Follower of Lugonu.
             Slain by Natasha (6 damage)
             ... on level 2 of the Dungeon.
             The game lasted 00:03:08 (2223 turns).

belegose the Skirmisher (Kobold Abyssal Knight)     Turns: 2223, Time: 00:03:09

Health: -3/29      AC:  4    Str: 12    XL:     4   Next: 48%
Magic:  6/6        EV: 15    Int: 11    God:    Lugonu [*.....]
Gold:   109        SH:  0    Dex: 15    Spells: 3/3 levels left

rFire   . . .      SeeInvis .   a - +1 mace
rCold   . . .      Faith    .   (no shield)
rNeg    . . .      Spirit   .   b - +0 leather armour
rPois   .          Reflect  .   (no helmet)
rElec   .          Harm     .   (no cloak)
rCorr   .          Rampage  .   c - +0 pair of gloves
Will    .....                   (no boots)
Stlth   +++.......              (no amulet)
HPRegen 0.09/turn               (no ring)
MPRegen 0.10/turn               (no ring)

@: no status effects
A: small, no large weapons, nightstalker 3
a: Renounce Religion, Depart the Abyss


You were on level 2 of the Dungeon.
You worshipped Lugonu.
Lugonu was aware of your devotion.
You visited 1 branch of the dungeon, and saw 2 of its levels.
You visited the Abyss 1 time.

You collected 109 gold pieces.

Inventory:

Hand Weapons
 a - a +1 mace (weapon)
Missiles
 i - 10 stones
 k - 4 poisoned darts
Armour
 b - a +0 leather armour (worn)
 c - a +0 pair of gloves (worn)
 d - a +0 ring mail
Scrolls
 e - 3 scrolls of identify {unknown}
 g - 2 scrolls of fear {unknown}
Potions
 f - a potion of degeneration {unknown}
 h - a potion of magic {unknown}
 j - a potion of curing {unknown}


   Skills:
 + Level 3.8 Fighting
 + Level 2.3 Maces & Flails
 + Level 0.1 Throwing
 - Level 0.7 Armour
 + Level 3.2 Dodging
 + Level 2.2 Stealth
 + Level 2.6 Invocations


You had 3 spell levels left.
You didn't know any spells.
Your spell library contained the following spells:

 Spells                   Type           Power      Damage    Failure   Level
 Sublimation of Blood     Necr           0%         N/A       56%         2
 Wereblood                Tmut           0%         N/A       56%         2
 Summon Hydra             Summ           0%         N/A       100%        7


Dungeon Overview and Level Annotations

Branches:
Dungeon (2/15)

Altars:

Annotations:
D:2 Natasha


Innate Abilities, Weirdness & Mutations

You are small and have problems with some larger weapons.
You are completely attuned to the shadows.


Message History

Natasha is lightly wounded.
Natasha claws you.
You hit Natasha.
Natasha is heavily wounded.
Natasha claws you. x2
You closely miss Natasha.
Natasha is heavily wounded.
Natasha completely misses you. Natasha misses you.
You closely miss Natasha.
Natasha is moderately wounded.
Natasha barely misses you. x2
You hit Natasha but do no damage.
Natasha is moderately wounded.
The crimson imp disappears in a puff of smoke!
Natasha barely misses you. Natasha claws you.
You hit Natasha.
Natasha is severely wounded.
Natasha claws you.
* * * LOW HITPOINT WARNING * * *
Natasha completely misses you.
You closely miss Natasha.
Natasha is severely wounded.
Natasha barely misses you. x2
You closely miss Natasha.
Natasha is severely wounded.
You feel yourself speed up. Natasha barely misses you. x2
You completely miss Natasha.
Natasha is severely wounded.
Natasha misses you.
You closely miss Natasha.
Natasha is severely wounded.
Natasha claws you.
* * * LOW HITPOINT WARNING * * *
You hit Natasha.
Natasha is severely wounded.
Natasha claws you.
* * * LOW HITPOINT WARNING * * *
Natasha claws you.
You die...

.....#....# #.##.# .....######
#.##.# .....# #.##.# ..#..#
..#.# .)#..# #.#.#
..#..#########.#.#
..#..............# #
....##########.####.#§
.....†..........@h....
...###########.####.#.
...###########.####.##########
......................÷......#
...###########.####.#####....#
...# #.## #.# #.#### ...#
#..###'#####'### ...#
##.##..........# ...#
#.##..........#


You could see Natasha.

Vanquished Creatures
  Natasha (D:2)
  2 adders (D:2)
  2 worms (D:2)
  3 ball pythons
  2 endoplasms (D:2)
  4 goblins (D:1)
  2 bats (D:1)
  2 frilled lizards
  4 kobolds
  7 rats
29 creatures vanquished.

Notes
Turn   | Place    | Note
-------+----------+-------------------------------------------
     0 | Abyss:1  | belegose the Kobold Abyssal Knight began the quest for the
                  | Orb.
     0 | Abyss:1  | Reached XP level 1. HP: 14/14 MP: 2/2
    57 | Abyss:1  | Noticed a kobold demonologist
    57 | Abyss:1  | Noticed a quasit
    59 | D:1      | Escaped the Abyss
    77 | D:1      | Noticed a wolf
    77 | D:1      | Noticed a killer bee
    77 | D:1      | Noticed a water moccasin
   320 | D:1      | Found a faded altar of an unknown god.
   428 | D:1      | Reached XP level 2. HP: 17/19 MP: 3/3
   541 | D:1      | Reached * piety under Lugonu
   542 | D:1      | Reached skill level 1 in Stealth
   923 | D:1      | Noticed a polar bear
  1362 | D:2      | Reached XP level 3. HP: 9/23 MP: 4/4
  1682 | D:2      | Noticed Natasha
  1692 | D:2      | Killed Natasha
  1693 | D:2      | Reached XP level 4. HP: 14/29 MP: 5/5
  1725 | D:2      | Noticed Natasha
  2223 | D:2      | Slain by Natasha

Illustrated notes

Levels and vault maps discovered:
D:1:      onia_arrival_zoo_common, layout_basic, ebering_ecumenical_altar_hall
D:2:      layout_basic, uniq_natasha, uniq_crazy_yiuf_cottage

Skill      XL: |  1  2  3  4 |
---------------+-------------+-----
Stealth        | 1 2 |  2.2
Maces & Flails | 2 |  2.3
Dodging        | 3 |  3.2
Fighting       | |  3.8
Throwing       | |  0.1
Armour         | |  0.7
Invocations    | |  2.6

Action                   |  1- 3 |  4- 6 || total
-------------------------+-------+-------++-------
Melee: Mace              |    50 |    40 ||    90
       Punch             |     1 |       ||     1
Invok: Depart the Abyss  |     1 |       ||     1
 Stab: Sleeping          |     8 |     1 ||     9
Armor: Leather armour    |     9 |     5 ||    14
Dodge: Dodged            |    32 |    37 ||    69

Table legend: (Time is in decaauts)
 A = Elapsed time spent in this place.
 B = Non-inter-level travel time spent in this place.
 C = Inter-level travel time spent in this place.
 D = Time resting spent in this place.
 E = Time spent auto-exploring this place.
 F = Levels seen in this place.
 G = Mean time per level.
                   A        B        C        D        E       F      G
               +--------+--------+--------+--------+--------+-----+--------+
         Total |   2255 |   2089 |    166 |    392 |   1229 |   3 |  751.7 |
       Dungeon |   2196 |   2030 |    166 |    392 |   1227 |   2 | 1098.0 |
         Abyss |     59 |     59 |      0 |      0 |      2 |   1 |   59.0 |
               +--------+--------+--------+--------+--------+-----+--------+

Top non-repeatable levels by time:
     D:1: 1291 daAuts
     D:2: 905 daAuts
 Abyss:1: 59 daAuts
